Map: 10000 Feet LE

Players

Inzerice - Winner!

  • Race: Terran Terran
  • League: Gold
  • Spawn Location: 5:00

EntertraineR

  • Race: Terran Terran
  • League: Diamond
  • Spawn Location: 11:00

VOD

Have the link to the VOD?

Description

Time

  • Played on: April 12, 2026, 11:01 a.m.
  • Length: 8:54
Show
View Real Time Build Order
Export as new Build Order

Inzerice Terran - Winner!

Build Orders:  

Get SALT Encoding   

  12  0:00  SCV  
  13  0:12  SCV  
  14  0:16  Supply Depot  
  14  0:24  SCV  
  15  0:38  SCV  
  15  0:39  Barracks  
  16  0:45  Refinery  
  16  0:50  SCV  
  16  0:53  Refinery  
  17  1:02  SCV  
  18  1:14  SCV  
  19  1:28  Reaper, Supply Depot  
  19  1:30  Orbital Command  
  20  1:42  Factory  
  20  1:57  SCV  
  20  2:00  Reaper, Supply Depot  
  22  2:09  SCV  
  23  2:28  Command Center  
  23  2:30  Hellion  
  23  2:33  Reaper  
  23  2:36  SCV  
  27  2:48  SCV  
  27  2:49  Starport  
  28  2:54  Factory Tech Lab  
  28  3:00  SCV  
  28  3:15  SCV  
  28  3:18  Barracks Reactor  
  30  3:27  SCV  
  30  3:32  Starport Tech Lab  
  30  3:39  SCV, Cyclone  
  34  3:42  Command Center  
  34  3:51  SCV  
  35  3:59  Raven  
  37  4:03  Marine x2, SCV  
  37  4:09  Refinery  
  40  4:10  Orbital Command  
  40  4:15  SCV  
  41  4:23  Siege Tank  
  44  4:26  Marine x2  
  46  4:40  SCV x2  
  46  4:44  Marine x2  
  50  4:47  Supply Depot  
  50  4:50  Supply Depot  
  50  4:52  SCV x2  
  52  4:56  Raven  
  54  5:01  Orbital Command  
  54  5:02  Marine x2  
  54  5:04  SCV x2  
  58  5:15  Supply Depot  
  58  5:16  SCV x2  
  58  5:19  Marine  
  58  5:20  Siege Tank  
  64  5:22  Marine  
  66  5:28  SCV x2  
  67  5:38  Supply Depot  
  71  5:48  Orbital Command  
  67  5:52  Siege Tank, SCV  
  67  5:53  SCV  
  72  6:02  Marine  
  73  6:04  SCV  
  73  6:05  SCV  
  73  6:08  Barracks  
  73  6:10  Barracks, Engineering Bay  
  75  6:11  Engineering Bay  
  75  6:17  SCV x2  
  79  6:20  Marine, Viking x2  
  79  6:24  Stimpack, Siege Tank  
  85  6:29  SCV x2  
  85  6:31  SCV  
  88  6:37  Refinery  
  88  6:38  Marine  
  89  6:41  SCV x2  
  89  6:43  SCV  
  92  6:53  SCV x2  
  94  6:55  Supply Depot x2, SCV, Marine  
  94  6:59  Barracks Reactor  
  94  7:00  Barracks Reactor  
  96  7:02  Barracks  
  96  7:04  Barracks  
  96  7:05  SCV x2  
  96  7:07  SCV  
  99  7:08  Viking  
  99  7:13  Marine  
  99  7:14  Siege Tank  
  105  7:16  Supply Depot  
  105  7:17  SCV  
  105  7:19  Viking  
  105  7:21  Supply Depot  
  105  7:22  SCV x2  
  110  7:25  Supply Depot  
  110  7:27  Supply Depot  
  110  7:29  SCV  
  111  7:31  Marine  
  106  7:49  Marine  
  106  7:53  Orbital Command  
  104  7:58  Marine  
  104  7:59  Marine x3  
  104  8:00  SCV x2  
  110  8:07  Marine  
  110  8:12  SCV x2  
  113  8:24  SCV x2, Barracks Reactor, Barracks Tech Lab  
  119  8:36  SCV x2  
  119  8:41  SCV  
  122  8:43  Command Center  
  122  8:46  Command Center  
Show
View Real Time Build Order
Export as new Build Order

EntertraineR Terran 

Build Orders:  

Get SALT Encoding   

  12  0:00  SCV  
  13  0:12  SCV  
  14  0:17  Supply Depot  
  14  0:24  SCV  
  15  0:38  SCV  
  15  0:40  Barracks  
  16  0:44  Refinery  
  16  0:50  SCV  
  16  0:54  Refinery  
  17  1:04  SCV  
  18  1:16  SCV  
  19  1:27  Reaper  
  19  1:28  Orbital Command  
  20  1:36  Supply Depot  
  20  1:42  Factory  
  20  1:54  SCV  
  20  1:59  Reaper  
  22  2:06  SCV  
  23  2:19  Command Center  
  23  2:22  SCV  
  24  2:27  Hellion  
  26  2:33  Supply Depot  
  26  2:35  Reaper  
  27  2:38  SCV  
  28  2:50  Hellion, SCV  
  31  3:02  SCV  
  31  3:05  Starport  
  32  3:08  Barracks Tech Lab  
  32  3:09  Barracks Reactor  
  32  3:11  Factory Tech Lab  
  32  3:15  SCV  
  33  3:27  SCV  
  34  3:30  Cyclone  
  34  3:31  Refinery  
  34  3:32  Orbital Command  
  37  3:41  Starport Tech Lab  
  37  3:43  SCV  
  37  3:47  Marine x2  
  40  3:55  SCV  
  40  4:00  SCV  
  42  4:03  Interference Matrix, Raven  
  42  4:07  Marine  
  42  4:08  SCV, Marine  
  47  4:12  SCV  
  47  4:15  Siege Tank  
  51  4:20  SCV  
  53  4:24  SCV  
  53  4:32  SCV  
  54  4:43  Supply Depot  
  54  4:45  Supply Depot  
  54  4:51  Command Center  
  54  5:04  Marine x2  
  54  5:05  SCV, Siege Tank, Raven  
  54  5:06  Supply Depot  
  62  5:07  SCV  
  62  5:10  Supply Depot  
  63  5:17  SCV, Refinery  
  63  5:19  SCV  
  67  5:29  SCV  
  67  5:31  SCV  
  69  5:37  Siege Tank  
  69  5:41  SCV  
  71  5:43  SCV  
  71  5:47  Engineering Bay x2, Barracks x2  
  72  5:51  Viking x2, Stimpack  
  72  5:56  SCV  
  78  5:57  SCV  
  78  6:05  Orbital Command  
  78  6:08  SCV  
  78  6:09  SCV  
  78  6:10  Siege Tank  
  83  6:14  Terran Infantry Weapons Level 1  
  83  6:15  Terran Infantry Armor Level 1  
  83  6:19  Marine  
  83  6:20  SCV  
  83  6:21  SCV  
  86  6:31  Viking x2  
  89  6:39  SCV  
  90  6:40  Orbital Command  
  90  6:42  Barracks Reactor  
  90  6:43  Barracks Reactor, Marine  
  90  6:45  Siege Tank  
  90  6:46  SCV  
  95  6:51  SCV  
  95  6:53  Armory  
  96  6:58  SCV  
  97  7:02  Barracks x2, Viking  
  97  7:03  SCV  
  97  7:04  Marine  
  101  7:20  Refinery  
  101  7:21  Refinery  
  101  7:22  Command Center  
  101  7:25  Marine x3  
  101  7:26  Viking, SCV x3  
  101  7:27  Supply Depot  
  101  7:29  Supply Depot  
  109  7:31  Concussive Shells  
  109  7:48  Marine x3, Siege Tank  
  115  7:52  Supply Depot, Barracks Reactor x2  
  115  7:54  SCV x2  
  117  8:00  Marine  
  117  8:01  Marine, Viking  
  117  8:02  Viking  
  123  8:06  SCV x2  
  125  8:13  SCV  
  125  8:18  SCV  
  125  8:19  SCV  
  128  8:21  Marine x2  
  128  8:22  Marine x3  
  133  8:34  Marine x4, Supply Depot  
  140  8:38  Supply Depot  
  142  8:42  SCV x2  
Tags
 
Matchup
TvT
Race
Terran
Spawn Locations
Cross Positions
Add a new tag
Caveats
  • Supply blocks, unpowered buildings, or Contaminate may cause inaccurate times.
  • Supply counts are checked every 10 seconds.